 Dungeon Crawl Stone Soup version 0.26-a0-642-g67e99244d3 (webtiles) character file.

Game seed: 15886508539480425554

111 MrRokkomies the Chiller (level 4, -3/25 HPs)
             Began as a Deep Elf Ice Elementalist on Sept 23, 2020.
             Slain by an iguana (13 damage)
             ... on level 4 of the Dungeon.
             The game lasted 00:06:21 (2976 turns).

MrRokkomies the Chiller (Deep Elf Ice Elementalist) Turns: 2976, Time: 00:06:22

Health: -3/25      AC:  5    Str:  5    XL:     4   Next: 62%
Magic:  6/12       EV: 14    Int: 21    God:
Gold:   199        SH:  0    Dex: 15    Spells: 0/11 levels left

rFire    . . .     SeeInvis .   b - +0 dagger
rCold    . . .     Faith    .   (no shield)
rNeg     . . .     Spirit   .   a - +0 robe
rPois    .         Reflect  .   e - +2 helmet
rElec    .         Harm     .   (no cloak)
rCorr    .         Rampage  .   (no gloves)
MR       .....                  (no boots)
Stlth    ++........             d - amulet of the acrobat
HPRegen  0.08/turn              (no ring)
MPRegen  0.13/turn              (no ring)

@: very slightly contaminated
A: no striking features
a: no special abilities


You were on level 4 of the Dungeon.
You visited 1 branch of the dungeon, and saw 4 of its levels.

You collected 199 gold pieces.

Inventory:

Hand Weapons
 b - a +0 dagger (weapon)
Missiles
 h - 4 boomerangs (quivered)
 j - 12 poisoned darts
Armour
 a - a +0 robe (worn)
 e - a +2 helmet (worn)
Jewellery
 d - an amulet of the acrobat (around neck)
Scrolls
 g - 5 scrolls of enchant armour
Potions
 k - a potion of haste {unknown}
 m - 3 potions of curing
 n - a potion of lignification {unknown}


   Skills:
 + Level 1.0 Fighting
 * Level 4.0 Dodging
 - Level 2.4 Stealth
 - Level 4.0 Spellcasting
 + Level 0.1 Summonings
 * Level 5.2 Ice Magic


You couldn't memorise any spells.
You knew the following spells:

 Your Spells              Type           Power        Failure   Level
a - Freeze                Ice            ####         1%          1
b - Frozen Ramparts       Ice            ####..       4%          3
c - Ozocubu's Armour      Ice            ####....     4%          3
d - Summon Ice Beast      Ice/Summ       ###.....     36%         4

Your spell library contained the following spells:

 Spells                   Type           Power        Failure   Level
 Hailstorm                Conj/Ice       ###.....     38%         4


Dungeon Overview and Level Annotations

Branches:
Dungeon (4/15)
 Temple: D:4-7

Altars:


Message History

There is a stone staircase leading up here.
An iguana comes into view.
The helpless iguana fails to defend itself.
You hit the iguana.
The iguana is moderately wounded.
The iguana bites you!
Ouch! That really hurt!
Casting: Freeze (safe; 1% risk of failure)
Confirm with . or Enter, or press ? or * to list all spells.
The spell is quite dangerous to cast (4% risk of failure)!
Continue anyway?
You miscast Frozen Ramparts.
You are very lightly contaminated with residual magic.
Nothing appears to happen.
The iguana bites you but does no damage.
Casting: Frozen Ramparts (quite dangerous; 4% risk of failure)
Confirm with . or Enter, or press ? or * to list all spells.
The spell is quite dangerous to cast (4% risk of failure)!
Continue anyway?
You miscast Frozen Ramparts.
Nothing appears to happen.
The iguana bites you!
Ouch! That really hurt!
You die...

#.# #.#
#.####.######
#....>..<...#
#.####.####.#
#.####.###
#.##..... ##
#.##.#l#...#
#....@.....#
#......##.#.#...#
#.####.##..... ##
#.####.##.# ..#
.# # #.# .# #.#
.# #. .#


You could see an iguana.

Vanquished Creatures
  2 adders
  3 oozes (D:3)
  2 worms
  3 leopard geckos
  An orc (D:3)
  13 goblins
  8 hobgoblins
  3 jackals (D:2)
  3 quokkas (D:3)
  13 bats
  4 frilled lizards
  5 kobolds
  7 rats
67 creatures vanquished.

Notes
Turn   | Place    | Note
-------+----------+-------------------------------------------
     0 | D:1      | MrRokkomies the Deep Elf Ice Elementalist began the quest
                  | for the Orb.
     0 | D:1      | Reached XP level 1. HP: 10/10 MP: 6/6
   381 | D:1      | Reached XP level 2. HP: 15/15 MP: 8/8
  1285 | D:2      | Reached XP level 3. HP: 20/20 MP: 6/9
  1299 | D:2      | Learned a level 3 spell: Frozen Ramparts
  1303 | D:2      | Learned a level 3 spell: Ozocubu's Armour
  2134 | D:3      | Reached skill level 5 in Ice Magic
  2137 | D:3      | Reached XP level 4. HP: 24/24 MP: 6/11
  2355 | D:3      | Reached skill level 1 in Fighting
  2751 | D:3      | Learned a level 4 spell: Summon Ice Beast
  2976 | D:4      | Slain by an iguana

Illustrated notes

Levels and vault maps discovered:
D:1:      onia_arrival_pentagram, layout_loops_ring
D:2:      layout_rooms, serial_curves, eino_curves_01, eino_curves_04,
          eino_curves_02, eino_curves_02, hangedman_decor_diamond_cutter
D:3:      layout_basic
D:4:      layout_loops_ring, gammafunk_temple_overflow_pools,
          gammafunk_ghost_grave

Skill      XL: |  1  2  3  4 |
---------------+-------------+-----
Dodging        | 3 4 |  4.0
Ice Magic      | 5 |  5.2
Fighting       | 1 |  1.0
Spellcasting   | 4 |  4.0
Stealth        | |  2.4
Summonings     | |  0.1

Action                   |  1- 3 |  4- 6 || total
-------------------------+-------+-------++-------
Melee: Dagger            |    46 |    78 ||   124
Throw: Boomerang         |    13 |       ||    13
 Cast: Freeze            |    36 |    16 ||    52
       Frozen Ramparts   |     2 |     1 ||     3
  Use: Scroll            |     1 |     4 ||     5
 Stab: Sleeping          |     6 |     4 ||    10
Armor: Robe              |    20 |    12 ||    32
Dodge: Dodged            |    79 |    73 ||   152

Table legend: (Time is in decaauts)
 A = Elapsed time spent in this place.
 B = Non-inter-level travel time spent in this place.
 C = Inter-level travel time spent in this place.
 D = Time resting spent in this place.
 E = Time spent auto-exploring this place.
 F = Levels seen in this place.
 G = Mean time per level.
                   A        B        C        D        E       F      G
               +--------+--------+--------+--------+--------+-----+--------+
         Total |   2978 |   2906 |     72 |     60 |   2325 |   4 |  744.5 |
       Dungeon |   2978 |   2906 |     72 |     60 |   2325 |   4 |  744.5 |
               +--------+--------+--------+--------+--------+-----+--------+

Top non-repeatable levels by time:
     D:1: 1243 daAuts
     D:2: 883 daAuts
     D:3: 839 daAuts
     D:4: 11 daAuts
